 Dungeon Crawl Stone Soup version 0.30-a0-845-g7c6808c (webtiles) character file.

Game seed: 14905103117247113023

197244 ERRORd11 the Shatterer (level 18, -3/188 HPs)
             Began as a Minotaur Monk on Mar 1, 2023.
             Was a Believer of Ashenzari.
             Killed from afar by a rime drake (25 damage)
             ... with an icy flash freeze
             ... on level 4 of the Swamp on Mar 2, 2023.
             The game lasted 01:31:46 (39424 turns).

ERRORd11 the Shatterer (Minotaur Monk)             Turns: 39424, Time: 01:31:46

Health: -3/188     AC: 37    Str: 24    XL:     18   Next: 18%
Magic:  17/17      EV: 20    Int: 14    God:    Ashenzari [**....]
Gold:   2263       SH: 17    Dex: 13    Spells: 17/17 levels left

rFire   + + .      SeeInvis +    U - +3 eveningstar of the Hills {freeze, rN+}
rCold   + . .      Faith    .    W - +2 tower shield
rNeg    + + .      Spirit   .    x - +6 pearl dragon scales
rPois   +          Reflect  .    B - +1 hat "Bound With Me" {Int+3, Melee, Comp} (curse)
rElec   +          Rampage  .    p - +2 cloak "Tethered Together" {Self, Evo} (curse)
rCorr   +                        Q - +1 pair of gloves "Oscillating Fan" {rC+ Will++ SInv, Fort, Cun} (curse)
Will    +++..                    H - +0 pair of boots Stlth
                                 n - amulet of the acrobat
HPRegen 0.51/turn                l - ring of Ycofoezo {Fire rPois rCorr Int+4 Slay+2}
MPRegen 0.15/turn                s - ring of the Ruined Incredulity {rCorr EV+5, Bglg, Fort} (curse)

@: lethally poisoned (-3 -> -6), resistant, studying 3 skills
A: horns 2, retaliatory headbutt, iridescent scales 1
a: Renounce Religion, Shatter the Chains


You were on level 4 of the Swamp.
You worshipped Ashenzari.
Ashenzari was pleased with you.
You visited 6 branches of the dungeon, and saw 30 of its levels.

You collected 4622 gold pieces.
You spent 2359 gold pieces at shops.

Inventory:

Hand Weapons
 o - the +2 mace of Imow {flame, +Blink Will++}
   (You bought it in a shop on level 2 of the Orcish Mines)

   +Blink:    It lets you blink.
   Will:      It greatly increases your willpower.
 U - the +3 eveningstar of the Hills (weapon) {freeze, rN+}
   (You acquired it on level 3 of the Elven Halls)

   rN:        It protects you from negative energy.
Armour
 p - the cursed +2 cloak "Tethered Together" (worn) {Self, Evo}
   (You found it on level 3 of the Dungeon)

   It has a curse which improves the following skills: Introspection: Fighting
   and Spellcasting.
   Evocations: Evocations.
 x - +6 pearl dragon scales (worn)
 B - the cursed +1 hat "Bound With Me" (worn) {Int+3, Melee, Comp}
   (You took it off Gastronok on level 3 of the Lair of Beasts)

   It has a curse which improves the following skills: Melee Combat: Short
   Blades, Long Blades, Axes, Maces & Flails, Polearms, Staves and Unarmed
   Combat.
   Companions: Summonings and Necromancy.
 H - a +0 pair of boots (worn)
 Q - the cursed +1 pair of gloves "Oscillating Fan" (worn) {rC+ Will++ SInv, Fort, Cun}
   (You found it on level 3 of the Elven Halls)

   rC:        It protects you from cold.
   SInv:      It lets you see invisible.
   Will:      It greatly increases your willpower.
   It has a curse which improves the following skills: Fortitude: Armour and
   Shields.
   Cunning:   Dodging and Stealth.
 W - a +2 tower shield (worn)
Jewellery
 a - a ring of positive energy
 b - a ring of protection from cold
 e - a ring of resist corrosion
 g - a ring of wizardry
 h - a ring of protection from fire
 l - the ring of Ycofoezo (left hand) {Fire rPois rCorr Int+4 Slay+2}
   (You bought it in a shop on level 11 of the Dungeon)

   [ring of fire]

   It enhances your fire magic.
   Int:       It affects your intelligence (+4).
   Slay:      It affects your accuracy & damage with ranged weapons and melee
   (+2).
   rF:        It protects you from fire.
   rC:        It makes you vulnerable to cold.
   rPois:     It protects you from poison.
   rCorr:     It protects you from acid and corrosion.
 n - an amulet of the acrobat (around neck)
 s - the cursed ring of the Ruined Incredulity (right hand) {rCorr EV+5, Bglg, Fort}
   (You took it off a deep elf death mage on level 2 of the Elven Halls)

   [ring of evasion]

   EV:        It affects your evasion (+5).
   rCorr:     It protects you from acid and corrosion.
   It has a curse which improves the following skills: Beguiling: Conjurations,
   Hexes and Translocations.
   Fortitude: Armour and Shields.
 y - a ring of ice
 C - a +4 ring of protection
 E - a ring of protection from cold
 S - a +6 ring of strength
 V - a ring of fire
Wands
 v - a wand of flame (65)
 w - a wand of digging (17)
 F - a wand of charming (23)
 I - a wand of mindburst (2)
 L - a wand of iceblast (8)
Scrolls
 i - 4 scrolls of fog
 k - 13 scrolls of teleportation
 m - 2 scrolls of butterflies
 u - 5 scrolls of enchant weapon
 G - a scroll of silence
 N - a scroll of poison
 P - a scroll of brand weapon
Potions
 c - 5 potions of ambrosia
 d - 4 potions of attraction
 f - 4 potions of flight
 j - 5 potions of lignification
 q - 6 potions of cancellation
 r - 8 potions of mutation
 t - 4 potions of haste
 A - 4 potions of might
 D - 3 potions of brilliance
Miscellaneous
 O - a box of beasts (inert)
 R - a box of beasts (inert)


   Skills:
 + Level 22.1(23.1) Fighting
 + Level 22.2(23.2) Maces & Flails
 + Level 19.0(20.6) Armour
 - Level 16.5(17.7) Dodging
 - Level 1.6(2.5) Stealth
 - Level 7.7(9.6) Shields


You had 17 spell levels left.
You didn't know any spells.
Your spell library contained the following spells:

 Spells                   Type           Power      Damage    Failure   Level
 Apportation              Tloc           0%         N/A       97%         1
 Necrotise                Necr           0%         1d4       97%         1
 Slow                     Hex            0%         N/A       97%         1
 Summon Small Mammal      Summ           0%         N/A       97%         1
 Sting                    Tmut/Pois      0%         1d3       98%         1
 Blink                    Tloc           0%         N/A       99%         2
 Cigotuvi's Dreadful Rot  Necr/Pois/Air  0%         N/A       99%         2
 Ensorcelled Hibernation  Hex/Ice        0%         N/A       99%         2
 Lesser Beckoning         Tloc           0%         N/A       99%         2
 Momentum Strike          Conj/Tloc      0%         3d8       99%         2
 Poisonous Vapours        Pois/Air       0%         N/A       99%         2
 Static Discharge         Conj/Air       0%         2-2/arc   99%         2
 Sublimation of Blood     Necr           0%         N/A       99%         2
 Wereblood                Tmut           0%         N/A       99%         2
 Call Canine Familiar     Summ           0%         N/A       100%        3
 Confusing Touch          Hex            0%         N/A       100%        3
 Gell's Gravitas          Tloc           0%         N/A       100%        3
 Ignite Poison            Fire/Tmut/Pois 0%         N/A       100%        3
 Inner Flame              Hex/Fire       0%         N/A       100%        3
 Kindle Blastsparks       Fire/Tloc/Air  0%         2d10      100%        3
 Mephitic Cloud           Conj/Pois/Air  0%         N/A       100%        3
 Portal Projectile        Hex/Tloc       0%         N/A       100%        3
 Spider Form              Tmut/Pois      0%         N/A       100%        3
 Summon Guardian Golem    Hex/Summ       0%         N/A       100%        3
 Teleport Other           Tloc           0%         N/A       100%        3
 Vampiric Draining        Necr           0%         2d6       100%        3
 Vhi's Electric Charge    Tloc/Air       0%         N/A       100%        3
 Anguish                  Hex/Necr       0%         N/A       100%        4
 Flame Wave               Conj/Fire      0%         2d4       100%        4
 Leda's Liquefaction      Hex/Erth       0%         N/A       100%        4
 Olgreb's Toxic Radiance  Pois           0%         N/A       100%        4
 Sticky Flame             Conj/Fire      0%         2d3       100%        4
 Arcjolt                  Conj/Air       0%         1d10      100%        5
 Freezing Cloud           Conj/Ice/Air   0%         6-21      100%        5
 Iskenderun's Battlesphe  Conj           0%         2d6       100%        5
 Lee's Rapid Deconstruct  Erth           0%         3d4*      100%        5
 Lightning Bolt           Conj/Air       0%         1d11      100%        5
 Death Channel            Necr           0%         N/A       100%        6
 Iron Shot                Conj/Erth      0%         9d1       100%        6
 Simulacrum               Ice/Necr       0%         N/A       100%        6
 Statue Form              Tmut/Erth      0%         N/A       100%        6
 Enfeeble                 Hex            0%         N/A       100%        7
 Orb of Destruction       Conj           0%         9d5       100%        7
 Spellforged Servitor     Conj/Summ      0%         N/A       100%        7
 Summon Hydra             Summ           0%         N/A       100%        7
 Ignition                 Fire           0%         3d3       100%        8
 Maxwell's Capacitive Co  Air            0%         ∞         100%        8
 Death's Door             Necr           0%         N/A       100%        9
 Polar Vortex             Ice            0%         N/A       100%        9


Dungeon Overview and Level Annotations

Branches:
Dungeon (15/15)            Temple (1/1) D:4            Lair (5/5) D:11
  Swamp (4/4) Lair:2       Spider (0/4) Lair:3        Slime (0/5) Lair:4
    Orc (2/2) D:10            Elf (3/3) Orc:2        Vaults (0/5) D:13
 Depths (0/4) D:15

Altars:
Ashenzari
Cheibriados
Dithmenos
Elyvilon
Fedhas
Gozag
Hepliaklqana
Kikubaaqudgha
Makhleb
Nemelex Xobeh
Okawaru
Qazlal
Ru
Sif Muna
Trog
Uskayaw
Vehumet
Wu Jian
Xom
Yredelemnul
Zin
The Shining One

Shops:
D:4 :   D:11 =   D:15 (   Orc:2 [[(:(   Elf:1 *   Elf:2 :   Elf:3 ?[[

Annotations:
D:13 exclusion: obsidian statue
Lair:3 2 transporters
Swamp:4 Nikola
Elf:1 8 runed translucent doors


Innate Abilities, Weirdness & Mutations

You have a pair of horns on your head.
You reflexively headbutt those who attack you in melee.
You are partially covered in iridescent scales. (AC +2)


Message History

You feel very sick. The swamp drake breathes poison at you.
The noxious blast misses you.
You feel protected.
You feel sick. You block the swamp dragon's attack.
The swamp dragon completely misses you. You block the swamp dragon's attack.
The swamp drake misses you.
The eight-headed hydra closely misses you.
The eight-headed hydra completely misses you.
The eight-headed hydra closely misses you.
You block the eight-headed hydra's attack.
The eight-headed hydra bites you but does no damage.
The eight-headed hydra completely misses you.
The eight-headed hydra barely misses you. x2
There are monsters nearby!
You thump the eight-headed hydra! You freeze the eight-headed hydra.
You headbutt the eight-headed hydra!
The eight-headed hydra is moderately wounded.
You feel sick. You block the swamp dragon's attack. x2
The swamp dragon tramples you but does no damage.
The swamp drake barely misses you. You furiously retaliate!
You headbutt the swamp drake! The swamp drake barely misses you.
You furiously retaliate!
You headbutt the swamp drake!
The eight-headed hydra barely misses you.
You furiously retaliate!
You headbutt the eight-headed hydra!
The eight-headed hydra barely misses you.
You block the eight-headed hydra's attack.
The eight-headed hydra closely misses you.
You block the eight-headed hydra's attack.
The eight-headed hydra bites you but does no damage.
The eight-headed hydra barely misses you.
The eight-headed hydra bites you but does no damage.
You impale the eight-headed hydra!! You freeze the eight-headed hydra!
You kill the eight-headed hydra!
You feel sick. You block the swamp dragon's attack. x3
The swamp drake breathes poison at you. The noxious blast misses you.
The rime drake breathes ice at you. The icy flash freeze hits you!!
You partially resist.
You die...

♣..~...(~~.~~~~~.~~###~ ~ * ♣.
~..♣~~..~~~~~~§~~.~§#~) ~ * ♣♣
♣..♣.~~~~~~§~~~~..~~~~♣♣♣♣♣♣♣♣♣♣.
♣~~~.~~~~~~~~...~§~.§~..♣.§.♣.~~~
.......~~~~~.♣.k~~~~~~...~~.♣.~§~
~~~.♣♣♣~~~~~~.÷.§~~~~~~~~~~.♣....
.~.♣♣♣~......~°°D○~~~~~~~~.~~~~~~
..♣♣ ♣♣..♣♣♣..~D☼○~~~~)~..♣♣♣§~~~
♣♣♣ ♣♣♣♣ ♣♣~.○@D○.○.~♣♣♣♣ ♣♣..♣
♣♣♣○kk○°.♣♣♣♣ ♣♣♣~ ♣..○°○.♣♣~♣ ♣†
♣~††♣°.♣♣♣♣ ♣~ ♣♣..♣♣.~♣♣ ♣♣♣♣♣
♣♣~k.~~~♣♣ ♣♣♣♣♣~~~. ♣♣♣)~~~.♣
♣.~..~~~~ ♣♣~~.~..♣♣♣♣~~~.§~~~
♣..♣♣♣~~~~~♣♣♣♣.~.~~


You could see 3 swamp dragons, a rime drake (catching breath) and 2 swamp
drakes.

Vanquished Creatures
  3 deep elf blademasters
  2 deep elf master archers (Elf:2)
  Gastronok (Lair:3)
  5 deep elf sorcerers
  Louise (Swamp:3)
  A frost giant (D:15)
  6 deep elf elementalists
  2 orc warlords
  6 deep elf annihilators
  6 deep elf demonologists
  2 bunyips
  3 eleionomae
  8 deep elf death magi
  Josephine (Lair:3)
  A great orb of eyes (D:15)
  3 fire dragons
  2 deep elf high priests (Elf:2)
  11 hydras
  4 vault guards (D:13)
  9 two-headed ogres
  A catoblepas (D:12)
  5 centaur warriors
  27 dancing weapons
  An ogre mage (D:15)
  4 alligators
  4 tengu warriors (D:15)
  A boulder beetle (D:12)
  Urug (Orc:1)
  3 orc high priests
  2 skysharks
  Sonja (Orc:1)
  Nergalle (Lair:3)
  The ghost of RazingBull the Fighter, a novice MiFi of Elyvilon (D:8)
  21 deep elf knights
  6 spriggan druids
  Lodul (D:11)
  A goliath frog (Swamp:2)
  An orb spider (Lair:3)
  4 swamp dragons
  A glowing orange brain (D:15)
  7 bog bodies
  14 deep elf archers
  37 deep elf zephyrmancers
  8 orc knights
  4 orc sorcerers
  16 ugly things
  6 manticores
  27 deep elf pyromancers
  7 cyclopes
  A will-o-the-wisp (Swamp:1)
  A black mamba (Lair:5)
  19 elephants
  A black mamba (shapeshifter) (D:14)
  7 cane toads
  A cane toad (shapeshifter) (D:13)
  An unseen horror (D:12)
  2 torpor snails (Lair:5)
  7 rime drakes
  An efreet (D:15)
  15 komodo dragons
  2 yaktaurs (D:15)
  A kobold demonologist (D:12)
  A freezing wraith (D:14)
  A queen bee (shapeshifter) (Elf:3)
  A meliai (D:13)
  3 trolls
  7 polar bears
  7 tyrant leeches
  16 hornets
  A dream sheep (Lair:5)
  9 blink frogs (Lair:5)
  A centaur simulacrum (D:15)
  3 water elementals
  A jumping spider (shapeshifter) (Elf:3)
  11 slime creatures
  6 wraiths
  A shadow (D:10)
  A vampire (D:11)
  24 spriggans
  40 yaks
  A basilisk (D:15)
  4 wyverns
  3 fire elementals
  Eustachio (D:6)
  3 vampire mosquitoes
  A steam dragon (D:6)
  4 wargs (Orc:1)
  A redback (D:15)
  Edmund (D:5)
  2 acid dragons
  8 swamp worms
  15 water moccasins
  44 orc warriors
  A sky beast (D:7)
  2 ice beasts
  A swamp drake (Swamp:2)
  6 black bears
  16 ogres
  37 wolves
  13 centaurs
  4 boggarts (Lair:5)
  5 kobold brigands
  9 bullfrogs
  4 scorpions
  A gnoll sergeant (D:13)
  A necrophage (D:6)
  4 earth elementals
  7 wights
  9 killer bees
  A howler monkey (D:8)
  6 electric eels
  A hound (D:6)
  A gnoll bouda (D:8)
  A jelly (D:4)
  27 orc priests
  Natasha (thrice) (D:4)
  3 iguanas
  33 orc wizards
  2 hell rats (Lair:3)
  A killer bee zombie (D:6)
  A howler monkey zombie (D:6)
  9 adders
  4 gnolls (D:13)
  8 river rats (Lair:3)
  A white imp (D:6)
  3 ufetubi
  2 worms
  2 dart slugs (D:1)
  95 orcs
  4 bats
  3 endoplasms
  2 giant cockroaches
  4 goblins
  7 hobgoblins
  4 jackals (D:2)
  3 quokkas
  10 ball pythons
  2 frilled lizards (D:1)
  20 kobolds
  8 rats
962 creatures vanquished.

Vanquished Creatures (others)
  4 deep elf knights (Elf:2)
  A spriggan druid (Swamp:4)
  A deep elf archer (Elf:3)
  A wizard (D:15)
  A deep elf pyromancer (Elf:3)
  2 bloated husks
  A swamp worm (Swamp:2)
  2 orc warriors (Elf:2)
  An orc (Orc:2)
  10 foxfires (Swamp:1)
  14 fungi
  25 plants
63 creatures vanquished.

Grand Total: 1025 creatures vanquished

Notes
Turn   | Place    | Note
-------+----------+-------------------------------------------
     0 | D:1      | ERRORd11 the Minotaur Monk began the quest for the Orb.
     0 | D:1      | Reached XP level 1. HP: 19/19 MP: 0/0
   206 | D:1      | Reached XP level 2. HP: 23/27 MP: 1/1
  1108 | D:2      | Reached XP level 3. HP: 33/33 MP: 2/2
  1366 | D:2      | Found a faded altar of an unknown god.
  1801 | D:3      | Reached XP level 4. HP: 22/41 MP: 3/3
  2365 | D:4      | Noticed Natasha
  2368 | D:4      | Killed Natasha
  2369 | D:4      | Reached skill level 5 in Fighting
  2369 | D:4      | Reached skill level 5 in Maces & Flails
  2369 | D:4      | Reached XP level 5. HP: 48/48 MP: 4/4
  2391 | D:4      | Identified the +8 short sword "Fabbow" {freeze, rPois
                  | Will+}
  2438 | D:4      | Found Kamuag's Book Boutique.
  2500 | D:4      | Found an opulent altar of Gozag.
  2822 | D:4      | Noticed Natasha
  2829 | D:4      | Killed Natasha
  2887 | D:4      | Noticed an ogre
  2896 | D:4      | Killed an ogre
  2897 | D:4      | Reached skill level 5 in Dodging
  2897 | D:4      | Reached XP level 6. HP: 46/57 MP: 5/5
  2968 | D:4      | Found a staircase to the Ecumenical Temple.
  2987 | Temple   | Entered the Ecumenical Temple
  3413 | D:4      | Noticed Natasha
  3420 | D:4      | Killed Natasha
  3441 | D:5      | Entered Level 5 of the Dungeon
  3503 | D:5      | Noticed a water moccasin
  3511 | D:5      | Killed a water moccasin
  3607 | D:5      | Reached XP level 7. HP: 43/63 MP: 6/6
  3871 | D:5      | Noticed Edmund
  3883 | D:5      | Killed Edmund
  4374 | D:6      | Noticed Eustachio
  4480 | D:6      | Noticed a steam dragon
  4622 | D:6      | Killed a steam dragon
  4623 | D:6      | Reached XP level 8. HP: 59/73 MP: 7/7
  4748 | D:6      | Killed Eustachio
  4953 | D:6      | Found a broken altar of Ashenzari.
  4986 | D:6      | Became a worshipper of Ashenzari the Shackled
  5104 | D:6      | Reached * piety under Ashenzari
  5299 | D:6      | Identified the +1 pair of gloves "Juofong" {Harm +Inv
                  | Int+2}
  5514 | D:6      | Found a basalt altar of Yredelemnul.
  5849 | D:7      | Reached XP level 9. HP: 67/86 MP: 8/8
  6166 | D:7      | Found an iron altar of Okawaru.
  6167 | D:7      | Found a glowing golden altar of the Shining One.
  6569 | D:7      | Reached skill level 10 in Fighting
  6569 | D:7      | Reached skill level 10 in Maces & Flails
  6666 | D:8      | Found a runed translucent door.
  6666 | D:8      | Noticed RazingBull's ghost (novice MiFi)
  7005 | D:8      | Reached XP level 10. HP: 81/97 MP: 9/9
  7136 | D:8      | Noticed a cyclops
  7141 | D:8      | Reached skill level 10 in Dodging
  7146 | D:8      | Killed a cyclops
  7338 | D:8      | Reached ** piety under Ashenzari
  7653 | D:8      | Identified the cursed +2 cloak "Tethered Together" {Self,
                  | Evo} (You found it on level 3 of the Dungeon)
  7667 | D:8      | Killed RazingBull's ghost
  8194 | D:9      | Found a hazy altar of Hepliaklqana.
  8203 | D:9      | Found a stormy altar of Qazlal.
  8531 | D:9      | Found a shadowy altar of Dithmenos.
  8822 | D:10     | Entered Level 10 of the Dungeon
  8845 | D:10     | Found a staircase to the Orcish Mines.
  8868 | D:10     | Reached XP level 11. HP: 110/110 MP: 10/10
  9513 | D:10     | Found a shimmering altar of Xom.
  9513 | D:10     | Found an ancient bone altar of Kikubaaqudgha.
  9513 | D:10     | Noticed a two-headed ogre
  9520 | D:10     | Killed a two-headed ogre
  9610 | D:10     | Found a shimmering blue altar of Sif Muna.
  9610 | D:10     | Found a sacrificial altar of Ru.
  9662 | D:11     | Noticed a two-headed ogre
  9675 | D:11     | Killed a two-headed ogre
  9917 | D:11     | Noticed a two-headed ogre
  9924 | D:11     | Killed a two-headed ogre
  9938 | D:11     | Noticed a two-headed ogre
  9946 | D:11     | Killed a two-headed ogre
  9989 | D:11     | Identified the +0 plate armour "Guel Jint" {Rampage Will+}
 10028 | D:11     | Noticed Lodul
 10038 | D:11     | Found a staircase to the Lair.
 10076 | D:11     | Killed Lodul
 10424 | D:11     | Found Liat's Jewellery Boutique.
 10432 | D:11     | Bought the ring of Ycofoezo {Fire rPois rCorr Int+4 Slay+2}
                  | for 761 gold pieces
 10649 | D:11     | Upgraded the game from 0.30-a0-840-ga523dec to
                  | 0.30-a0-843-g1c18f60
 10649 | D:11     | Upgraded the game from 0.30-a0-843-g1c18f60 to
                  | 0.30-a0-845-g7c6808c
 11142 | D:12     | Noticed a catoblepas
 11172 | D:12     | Killed a catoblepas
 11428 | D:12     | Noticed a soul eater
 11433 | D:12     | Reached XP level 12. HP: 122/122 MP: 11/11
 11603 | D:12     | Noticed a boulder beetle
 11613 | D:12     | Killed a boulder beetle
 11844 | Lair:1   | Entered Level 1 of the Lair of Beasts
 12423 | Lair:1   | Found a frozen archway.
 13319 | Lair:2   | Found a staircase to the Swamp.
 13643 | Lair:2   | Reached skill level 15 in Fighting
 13976 | Lair:2   | Noticed a fire dragon
 14318 | Lair:2   | Killed a fire dragon
 14319 | Lair:2   | Reached skill level 15 in Maces & Flails
 14407 | Lair:3   | Noticed Gastronok
 14457 | Lair:3   | Killed Gastronok
 14646 | Lair:3   | Found a transporter.
 14646 | Lair:3   | Identified the +1 pair of gloves of Enetapt {rC- rN+ Int+4
                  | Dex+3}
 14647 | Lair:3   | Identified the amulet of Oenomania {Acrobat rN+++}
 14666 | Lair:3   | Found a transporter.
 14743 | Lair:3   | Noticed Josephine
 14753 | Lair:3   | Killed Josephine
 14754 | Lair:3   | Reached XP level 13. HP: 107/132 MP: 12/12
 14910 | Lair:3   | Noticed Nergalle
 14923 | Lair:3   | Killed Nergalle
 15001 | Lair:3   | Found a hole to the Spider Nest.
 16277 | Lair:4   | Reached skill level 15 in Dodging
 16465 | Lair:4   | Found a staircase to the Slime Pits.
 16863 | Lair:5   | Entered Level 5 of the Lair of Beasts
 17145 | Lair:5   | Identified a scroll of acquirement
 17153 | Lair:5   | Reached skill level 1 in Armour
 17153 | Lair:5   | Reached skill level 1 in Shields
 17160 | Lair:5   | Acquired the +3 pair of gloves of the Dungeon {rElec Will+
                  | rCorr Str-2}
 17231 | Lair:5   | Acquired 837 gold pieces
 17899 | Lair:5   | Reached XP level 14. HP: 122/144 MP: 13/13
 18220 | Lair:5   | Reached skill level 5 in Armour
 18266 | Lair:5   | Reached skill level 5 in Shields
 19165 | Orc:1    | Entered Level 1 of the Orcish Mines
 19166 | Orc:1    | Noticed Urug
 19180 | Orc:1    | Killed Urug
 19238 | Orc:1    | Paralysed by an orc sorcerer for 5 turns
 19360 | Orc:2    | Entered Level 2 of the Orcish Mines
 20189 | Orc:2    | Found a staircase to the Elven Halls.
 20195 | Orc:1    | Noticed Sonja
 20214 | Orc:1    | Killed Sonja
 20968 | Orc:2    | Found Duzupehu's Book Shoppe.
 21004 | Orc:2    | Found a shimmering altar of Xom.
 21076 | Orc:2    | Noticed an orc warlord
 21102 | Orc:2    | Killed an orc warlord
 21189 | Orc:2    | Found Goropn's Antique Armour Shop.
 21191 | Orc:2    | Found Fium's Antique Weapon Boutique.
 21198 | Orc:2    | Bought a masterwork mace for 224 gold pieces
 21198 | Orc:2    | Identified the +2 mace of Imow {flame, +Blink Will++} (You
                  | bought it in a shop on level 2 of the Orcish Mines)
 21204 | Orc:2    | Bought a glowing hat for 238 gold pieces
 21704 | Orc:2    | Found Kys Vou's Weapon Boutique.
 21896 | Orc:2    | Found Zouwnutt's Antique Armour Shoppe.
 22501 | D:13     | Found a gate to the Vaults.
 22900 | D:13     | Gained mutation: You are partially covered in iridescent
                  | scales. (AC +2) [a neqoxec]
 23117 | D:13     | Reached XP level 15. HP: 127/152 MP: 14/14
 23811 | D:14     | Found a stormy altar of Qazlal.
 23953 | D:14     | Acquired a manual of Armour
 24046 | D:15     | Entered Level 15 of the Dungeon
 24362 | D:15     | Found Zilapt's Weapon Emporium.
 24406 | D:15     | Bought a +0 mace for 54 gold pieces
 24444 | D:15     | Identified the +6 short sword "Oconteuck" {heavy, rF+ rC+
                  | Dex+3}
 24877 | D:15     | Reached skill level 10 in Armour
 25348 | D:15     | Found a staircase to the Depths.
 25348 | D:15     | Noticed a frost giant
 25866 | D:15     | Killed a frost giant
 26420 | Elf:1    | Entered Level 1 of the Elven Halls
 27010 | Elf:1    | Reached XP level 16. HP: 97/163 MP: 15/15
 27666 | Elf:1    | Found Coogyem's Assorted Antiques.
 27680 | Elf:1    | Bought 2 potions of mutation for 384 gold pieces
 27680 | Elf:1    | Bought 2 potions of heal wounds for 240 gold pieces
 27766 | Elf:1    | Found a huge runed translucent gate.
 27767 | Elf:1    | Found a huge runed translucent gate.
 27767 | Elf:1    | Found a huge runed translucent gate.
 27767 | Elf:1    | Found a huge runed translucent gate.
 27768 | Elf:1    | Found a huge runed translucent gate.
 27769 | Elf:1    | Found a huge runed translucent gate.
 27769 | Elf:1    | Identified the +11 double sword "Ableohom" {spect, rC+ rN+
                  | Dex+3}
 27769 | Elf:1    | Noticed a deep elf blademaster
 27770 | Elf:1    | Found a huge runed translucent gate.
 27770 | Elf:1    | Found a huge runed translucent gate.
 27774 | Elf:1    | Noticed a deep elf blademaster
 29863 | Elf:2    | Reached skill level 15 in Armour
 30027 | Elf:2    | Identified the +11 dagger of the Priest {drain, rElec}
 30067 | Elf:2    | Found Nethrucu's Book Shop.
 30372 | Elf:2    | Found a runed translucent gate.
 30373 | Elf:2    | Found a runed translucent gate.
 30373 | Elf:2    | Found a runed translucent gate.
 30649 | Elf:2    | Noticed a deep elf blademaster
 30781 | Elf:1    | Killed a deep elf blademaster
 31852 | Elf:3    | Entered Level 3 of the Elven Halls
 32019 | Elf:3    | Reached XP level 17. HP: 172/174 MP: 16/16
 32128 | Elf:3    | Noticed an Ice Fiend
 32134 | Elf:3    | Noticed a deep elf master archer
 32321 | Elf:3    | Noticed a Tzitzimitl
 32382 | Elf:3    | Noticed a Tzitzimitl
 32384 | Elf:3    | Noticed a deep elf blademaster
 32533 | Elf:2    | Killed a deep elf blademaster
 32611 | Elf:3    | Identified the +5 battleaxe of Righteous Fury {heavy, *Rage
                  | Str+4}
 32622 | Elf:2    | Killed a deep elf master archer
 33356 | Elf:3    | Noticed a deep elf blademaster
 33385 | Elf:3    | Noticed a deep elf master archer
 33397 | Elf:2    | Killed a deep elf blademaster
 33484 | Elf:3    | Identified the +9 scimitar of the Blessed Realm {heavy,
                  | rPois rC+++ Str-4 Stlth+}
 33631 | Elf:2    | Killed a deep elf master archer
 33895 | Elf:3    | Identified the ring of Amelioration {rCorr EV+5}
 34067 | Elf:3    | Noticed a Hell Sentinel
 34124 | Elf:3    | Identified the +2 robe "Tistry Meq" {MP+9 Dex+2 Stlth+}
 34206 | Elf:3    | Noticed a Tzitzimitl
 34209 | Elf:3    | Noticed a Hell Sentinel
 34839 | Elf:3    | Found the +6 arbalest "Damnation" {damnation}
 34840 | Elf:3    | Identified the Disquisition on the Viridian Pyromaniac
 34868 | Elf:3    | Identified the +6 lajatang of Integrity {flame, +Blink rN+
                  | Int-2}
 34869 | Elf:3    | Identified the +1 pair of gloves of the Land of Plenty {rC+
                  | Will++ SInv}
 34917 | Elf:3    | Found Lupeify's Magic Scroll Shoppe.
 34920 | Elf:3    | Found Vemuinugh's Antique Armour Emporium.
 34922 | Elf:3    | Found Ykiukak's Antique Armour Shoppe.
 34926 | Elf:3    | Bought a scroll of blinking for 97 gold pieces
 34926 | Elf:3    | Bought a scroll of teleportation for 39 gold pieces
 34926 | Elf:3    | Bought a scroll of enchant weapon for 97 gold pieces
 34928 | Elf:3    | Bought a glowing cloak for 225 gold pieces
 35942 | Elf:3    | Identified Xula's Annotations on the Grim Compass
 35943 | Elf:3    | Identified the +2 robe of Vlad {rC- Will+++ Int+3 Dex-4}
 35943 | Elf:3    | Identified the +0 plate armour of Integrity {Contam +Inv
                  | rF+++ Dex-4}
 35943 | Elf:3    | Found the +3 greatsling "Punk" {acid, rCorr}
 36002 | Elf:3    | Acquired the +3 eveningstar of the Hills {freeze, rN+}
 36545 | Swamp:1  | Entered Level 1 of the Swamp
 38441 | Swamp:2  | Reached XP level 18. HP: 187/187 MP: 17/17
 38670 | Swamp:3  | Noticed Louise
 38693 | Swamp:3  | Killed Louise
 39185 | Swamp:4  | Entered Level 4 of the Swamp
 39358 | Swamp:4  | Noticed Nikola
 39424 | Swamp:4  | Killed from afar by a rime drake

Illustrated notes

Levels and vault maps discovered:
D:1:      dpeg_arrival_lava_altar, layout_basic, minmay_pentomino_v4
D:2:      layout_loops_cross, ebering_ecumenical_altar_box
D:3:      layout_basic
D:4:      layout_basic, grunt_gozag_breadcrumbs, minmay_temple_entry_mini_moons,
          chequers_serial_rivers_large_a, nicolae_stop_n_shop_2, hex_medium,
          uniq_natasha
D:5:      layout_basic, minmay_misc_feat_encased, serial_bayou_pond_d,
          uniq_edmund
D:6:      layout_basic, lemuel_zombie_altar_yredelemnul, ashenzari_altar_1,
          uniq_eustachio
D:7:      layout_loops_ring, mainiacjoe_overflow_divided_tiny
D:8:      minmay_ornate_pinched, layout_gridville,
          hellmonk_ghost_happy_afterlife
D:9:      layout_loops_corners, grunt_dithmenos_smoke,
          mainiacjoe_overflow_swirl, minmay_misc_feat_rows
D:10:     layout_irregular_city, mainiacjoe_overflow_alcove_3, david_orc_2
D:11:     layout_cave_pools, grunt_lair_entry_orc_guard_hut, serial_shops,
          nicolae_square_shop, uniq_lodul
D:12:     layout_basic
D:13:     minmay_statue_hallways, layout_basic,
          lightli_vaults_fourway_checkpoint
D:14:     layout_rooms, nicolae_qazlal_scattered_showers, chequers_arboretum
D:15:     grunt_enter_depths_snipers, layout_basic, serial_shops,
          nicolae_shop_behind_doors, minmay_hollow_rounded_squares
Temple:   chequers_temple_sunken
Lair:1:   layout_cave_pods, portal_ice_cave_entry_pillars_2,
          nicolae_quartered_pool_super, eino_small_chamber_without_monster,
          grunt_forest_small_clearing_treed, infiniplex_staircase_pool
Lair:2:   dragon1_lemuel, layout_hall_layers, skrybe_swamp_entry_bodies,
          serial_bayou_shore_a
Lair:3:   gammafunk_worm_tunnel, layout_cave_pods,
          nicolae_spider_entry_orb_guardian, kennysheep_rathole, uniq_nergalle,
          uniq_gastronok, uniq_josephine
Lair:4:   layout_cave_pods, slime_entry_1, beast_lair_carwin_1,
          lemuel_fruit_fields, lemuel_fruit_tree
Lair:5:   minmay_lair_end_enchanted_forest, layout_misc_corridors,
          grunt_megastairs_2
Swamp:1:  layout_basic_swamp, serial_swamp_ruin, evilmike_swamp_ruin_house_3,
          evilmike_swamp_ruin_house_6, swamp_pool4
Swamp:2:  layout_falls_marsh, evilmike_swamp_ruin_wall,
          nicolae_swamp_stuck_in_the_mud, infiniplex_staircase_pool_2
Swamp:3:  layout_falls_marsh, evilmike_swamp_ruin_house_4, uniq_louise
Swamp:4:  swamp_alternative, layout_basic_swamp, uniq_nikola
Orc:1:    layout_caves, lightli_volcano_entry_magma_tube, guppyfry_library_mini,
          uniq_urug, uniq_sonja
Orc:2:    grunt_orc_community_town_hall, layout_caves,
          grunt_orc_community_big_house_2, grunt_orc_community_big_house_2,
          grunt_orc_community_house_3, grunt_orc_community_house_3,
          grunt_orc_community_house_3, grunt_orc_community_house_1,
          grunt_orc_community_house_1, grunt_orc_community_house_1,
          serial_shops, nicolae_shop_stone, basic_altar
Elf:1:    layout_loops_cross, serial_shops, shop, minivault_28,
          palyth_stone_intersect, nicolae_elf_double_double_double_trouble
Elf:2:    nicolae_elf_blades_crystal_corner, layout_rooms, special_room
          [special_room_orc], serial_shops, nicolae_square_shop
Elf:3:    grunt_elf_hall_branching, layout_gridlike, minivault_19,
          wad_floor_pattern_2, minmay_shop_star

Skill      XL: |  1  2  3  4  5  6  7  8  9 10 11 12 13 14 15 16 17 18 |
---------------+-------------------------------------------------------+-----
Fighting       | 4 5 6 7 9 10 12 13 15 16 17 19 20 21 22 | 22.1
Maces & Flails | 4 5 6 7 9 10 12 13 15 16 17 19 20 21 22 | 22.2
Dodging        | 4 5 6 8 9 11 12 14 15 16 | 16.5
Armour         | 3 7 12 16 18 19 | 19.0
Shields        | 3 7 |  7.7
Stealth        | |  1.6

Action                     |  1- 3 |  4- 6 |  7- 9 | 10-12 | 13-15 | 16-18 || total
---------------------------+-------+-------+-------+-------+-------+-------++-------
  Melee: Mace              |    66 |    85 |   239 |   553 |  1683 |  1002 ||  3628
         Headbutt          |     9 |    13 |    42 |   136 |   471 |   306 ||   977
         Punch             |     2 |       |     3 |     5 |       |       ||    10
         Unarmed           |       |       |    33 |       |       |       ||    33
         Eveningstar       |       |       |       |       |       |   268 ||   268
 Invoke: Curse Item        |       |       |     2 |     2 |     2 |     2 ||     8
         Shatter the Chain |       |       |       |       |     2 |     2 ||     4
  Evoke: Wand              |       |       |       |     9 |     3 |     2 ||    14
         Box of beasts     |       |       |       |       |       |     1 ||     1
    Use: Scroll            |     8 |     3 |     8 |     4 |    15 |    16 ||    54
         Potion            |       |       |     1 |    13 |     5 |    11 ||    30
   Stab: Sleeping          |     6 |       |       |       |       |       ||     6
         Invisible         |       |       |       |     3 |     8 |       ||    11
         Confused          |       |       |       |       |       |     1 ||     1
 Armour: Robe              |     7 |       |       |       |       |       ||     7
         Ring mail         |     9 |    32 |    19 |       |       |       ||    60
         Pearl dragon scal |       |       |    86 |   117 |   586 |   437 ||  1226
         Skin              |       |       |       |    14 |       |       ||    14
  Dodge: Dodged            |    50 |    69 |   255 |   412 |  1338 |   766 ||  2890
  Block: Kite shield       |       |       |       |     2 |   880 |   556 ||  1438
         Tower shield      |       |       |       |       |       |    95 ||    95

Table legend: (Time is in decaauts)
 A = Elapsed time spent in this place.
 B = Non-inter-level travel time spent in this place.
 C = Inter-level travel time spent in this place.
 D = Time resting spent in this place.
 E = Time spent auto-exploring this place.
 F = Levels seen in this place.
 G = Mean time per level.
                   A        B        C        D        E       F      G
               +--------+--------+--------+--------+--------+-----+--------+
         Total |  39373 |  38024 |   1349 |   9047 |  20189 |  30 | 1312.4 |
       Dungeon |  16056 |  15363 |    693 |   1841 |  10954 |  15 | 1070.4 |
        Temple |    249 |    235 |     14 |      0 |    172 |   1 |  249.0 |
          Lair |   7283 |   7039 |    244 |    840 |   5051 |   5 | 1456.6 |
         Swamp |   3073 |   2961 |    112 |    636 |   1495 |   4 |  768.2 |
  Orcish Mines |   3236 |   3078 |    158 |   1014 |   1426 |   2 | 1618.0 |
   Elven Halls |   9472 |   9346 |    126 |   4716 |   1089 |   3 | 3157.3 |
               +--------+--------+--------+--------+--------+-----+--------+

Top non-repeatable levels by time:
   Elf:2: 4141 daAuts
   Elf:1: 3254 daAuts
  Lair:5: 2152 daAuts
   Elf:3: 2077 daAuts
    D:15: 1991 daAuts
   Orc:1: 1713 daAuts
    D:13: 1542 daAuts
   Orc:2: 1522 daAuts
 Swamp:1: 1427 daAuts
  Lair:2: 1397 daAuts
  Lair:1: 1270 daAuts
  Lair:3: 1237 daAuts
  Lair:4: 1226 daAuts
     D:8: 1190 daAuts
    D:12: 1148 daAuts
